 Dungeon Crawl Stone Soup version 0.18.1-50-g88ac8fd (webtiles) character file.

118 Drunkenshrew the Charmwright (level 4, -1/43 HPs)
             Began as a High Elf Skald on Sept 20, 2016.
             Slain by a hound (2 damage)
             ... on level 4 of the Dungeon.
             The game lasted 00:11:14 (3115 turns).

Drunkenshrew the Charmwright (High Elf Skald)       Turns: 3115, Time: 00:11:15

Health: -1/43      AC: 22    Str: 12    XL:     4   Next: 72%
Magic:  2/10       EV:  2    Int: 15    God:
Gold:   159        SH:  0    Dex: 15    Spells: 1 memorised, 9 levels left

rFire  . . .     SeeInvis .     h - -1 falchion (curse)
rCold  + . .     Gourm    .     (armour currently unavailable)
rNeg   + + +     Faith    .     (no shield)
rPois  +         Spirit   .     (helmet currently unavailable)
rElec  .         Dismiss  .     (cloak currently unavailable)
rCorr  .         Reflect  .     (gloves currently unavailable)
SustAt .         Harm     +     (boots currently unavailable)
MR     .....     NoTele   +     n - amulet of harm
Stlth  ++........               (no ring)
                                j - ring of protection from cold

@: lethally poisoned (-1 -> -2), tree-form, infused, hasted, very quick, not
resistant to hostile enchantments, unstealthy
A: no striking features
a: no special abilities


You were on level 4 of the Dungeon.
You were not hungry.
You were a tree.
You visited 1 branch of the dungeon, and saw 4 of its levels.

You collected 159 gold pieces.

Inventory:

Hand Weapons
 g - a +2 dagger of speed
 h - a cursed -1 falchion (weapon)
Missiles
 a - 5 tomahawks (quivered)
Armour
 e - a cursed +0 leather armour (melded)
 l - a +0 shield
 p - a +1 pair of boots (melded)
Jewellery
 j - a ring of protection from cold (left branch)
 n - an amulet of harm (around neck)
Scrolls
 m - a scroll of identify
 o - a scroll of recharging {unknown}
Potions
 b - a potion of invisibility
 k - a potion of heal wounds {unknown}
 q - a potion of mutation {unknown}
Books
 c - a book of Battle

   Spells                             Type                      Level
   a - Infusion                       Charms                       1
   b - Shroud of Golubria             Charms/Translocation         2
   c - Song of Slaying                Charms                       2
   d - Spectral Weapon                Hexes/Charms                 3
   e - Regeneration                   Charms/Necromancy            3
Comestibles
 d - a bread ration


   Skills:
 - Level 2.0 Fighting
 + Level 3.9 Short Blades
 - Level 0.8 Armour
 - Level 1.1 Dodging
 + Level 1.6 Stealth
 + Level 3.6 Spellcasting
 + Level 4.5 Charms


You had 9 spell levels left.
You knew the following spells:

 Your Spells              Type           Power        Failure   Level  Hunger
a - Infusion              Chrm           ###.         3%          1    None


Dungeon Overview and Level Annotations

Branches:
Dungeon (4/15)
 Temple: D:4-7

Altars:
Fedhas


Message History

You feel sick. The hound bites you.
* * * LOW HITPOINT WARNING * * *
The hound completely misses you.
You barely miss the hound.
The hound is severely wounded.
The hound closely misses you. The hound bites you.
* * * LOW HITPOINT WARNING * * *
Drink which item? (? for menu, Esc to quit)
It was a potion of lignification.
You turn into a tree.
Your +1 pair of boots melds into your body.
Your cursed +0 leather armour melds into your body.
Your roots penetrate the ground.
The hound bites you but does no damage.
You miss the hound.
The hound is severely wounded.
* * * LOW HITPOINT WARNING * * *
You feel sick.
The hound bites you but does no damage. x2
Drink which item? (? for menu, Esc to quit)
It was a potion of haste.
You feel yourself speed up. The hound bites you but does no damage.
The hound bites you.
You die...

# #.# # .#.#.
#.#######.....
.............
#.†=.......
#..♣.#.#
#.h<...#
#..###.# .....
.. #.###.. ##
... #.#. #.#.
#.#.


You could see a hound.

Vanquished Creatures
  A worker ant (D:4)
  2 adders (D:2)
  An ooze (D:3)
  3 worms
  2 dart slugs (D:2)
  5 orcs (D:3)
  A ball python (D:3)
  2 giant cockroaches
  4 goblins
  6 hobgoblins
  4 jackals (D:3)
  A quokka (D:2)
  4 bats
  4 giant newts
  6 kobolds
  10 rats
56 creatures vanquished.

Notes
Turn   | Place    | Note
--------------------------------------------------------------
     0 | D:1      | Drunkenshrew the High Elf Skald began the quest for the Orb.
     0 | D:1      | Reached XP level 1. HP: 14/14 MP: 4/4
   343 | D:1      | Reached XP level 2. HP: 14/19 MP: 1/6
   594 | D:2      | Reached skill level 1 in Stealth
   594 | D:2      | Reached XP level 3. HP: 19/24 MP: 1/8
   940 | D:2      | Reached skill level 4 in Charms
  1198 | D:2      | HP: 1/24 [hobgoblin/club (4)]
  1849 | D:3      | Found a blossoming altar of Fedhas.
  1868 | D:3      | Reached XP level 4. HP: 22/29 MP: 7/10
  3112 | D:4      | HP: 1/29 [hound (5)]
  3115 | D:4      | Slain by a hound

Skill      XL: |  1  2  3 |
---------------+----------+-----
Short Blades   | 3 |  3.9
Stealth        | 1 |  1.6
Spellcasting   | 3 |  3.6
Charms         | 4 |  4.5
Fighting       | |  2.0
Armour         | |  0.8
Dodging        | |  1.1

Action                   |  1- 3 |  4- 6 || total
-------------------------+-------+-------++-------
Melee: Short sword       |    30 |       ||    30
       Dagger            |    20 |       ||    20
       Falchion          |    74 |    45 ||   119
Throw: Tomahawk          |     3 |       ||     3
 Cast: Infusion          |    23 |     9 ||    32
  Use: Scroll            |     4 |     2 ||     6
       Potion            |       |     3 ||     3
 Stab: Sleeping          |     1 |       ||     1
  Eat: Bread ration      |     1 |       ||     1
       Meat ration       |       |     1 ||     1
Armor: Leather armour    |    22 |    16 ||    38
       Skin              |       |     4 ||     4
Dodge: Dodged            |    63 |    20 ||    83
Block: Shield            |     3 |       ||     3
